 Dungeon Crawl Stone Soup version 0.24.0-37-gcf1ca852f1 (webtiles) character file.

Game seed: 8149274041094412368, levelgen mode: deterministic

44612 sankara the Severer (level 14, -5/124 HPs)
             Began as a Hill Orc Fighter on Dec 4, 2019.
             Was a High Priest of Makhleb.
             Drowned by a drowned soul (11 damage)
             ... summoned by a merfolk avatar
             ... on level 6 of the Lair of Beasts.
             The game lasted 01:00:50 (20151 turns).

sankara the Severer (Hill Orc Fighter)             Turns: 20151, Time: 01:00:51

Health: -5/124     AC: 28    Str: 26    XL:     14   Next: 29%
Magic:  21/21      EV:  9    Int: 12    God:    Makhleb [*****.]
Gold:   1115       SH: 14    Dex: 10    Spells: 13/13 levels left

rFire    . . .     SeeInvis .   a - +0 war axe
rCold    . . .     Gourm    .   M - +0 shield
rNeg     . . .     Faith    .   V - +3 plate armour
rPois    .         Spirit   .   L - +2 helmet
rElec    .         Reflect  .   N - +2 cloak
rCorr    .         Harm     .   y - +0 pair of gloves
MR       +....                  B - +0 pair of boots
Stlth    ..........             z - amulet of the acrobat
HPRegen  0.30/turn              R - +2 ring of strength
MPRegen  0.17/turn              u - +4 ring of intelligence

@: mesmerised, very slow
A: no striking features
a: Minor Destruction, Lesser Servant of Makhleb, Major Destruction, Greater
Servant of Makhleb, Renounce Religion


You were on level 6 of the Lair of Beasts.
You worshipped Makhleb.
Makhleb was extremely pleased with you.
You were not hungry.

You visited 3 branches of the dungeon, and saw 17 of its levels.
You visited the Abyss 1 time.

You collected 1115 gold pieces.

Inventory:

Hand Weapons
 a - a +0 war axe (weapon)
 b - a +4 flail
 c - a +0 hunting sling
 d - a cursed -1 whip
 P - a +6 executioner's axe of distortion
Missiles
 e - 201 stones (quivered)
 A - 2 boomerangs of dispersal
 E - a throwing net
 F - 58 poisoned darts
 I - 59 sling bullets
 T - 15 javelins
Armour
 g - a +1 chain mail of fire resistance
 y - a +0 pair of gloves (worn)
 B - a +0 pair of boots (worn)
 L - a +2 helmet (worn)
 M - a +0 shield (worn)
 N - a +2 cloak (worn)
 V - a +3 plate armour (worn)
Jewellery
 l - an uncursed ring of fire
 p - an uncursed amulet of rage
 u - a +4 ring of intelligence (right hand)
 z - an amulet of the acrobat (around neck)
 O - an uncursed ring of teleportation
 Q - an uncursed amulet of guardian spirit
 R - a +2 ring of strength (left hand)
Wands
 n - a wand of acid (11)
 o - a wand of flame (19)
 s - a wand of iceblast (18)
 J - a wand of random effects (17)
 S - a wand of disintegration (11)
Scrolls
 h - 10 scrolls of teleportation
 j - a scroll of fear {unknown}
 m - 3 scrolls of amnesia
 q - a scroll of remove curse
 w - a scroll of noise {unknown}
 C - 2 scrolls of enchant weapon {unknown}
 G - 4 scrolls of magic mapping
 U - a scroll of blinking {unknown}
Potions
 i - 5 potions of invisibility
 k - 3 potions of heal wounds
 r - 2 potions of haste
 t - 4 potions of flight
 v - 5 potions of curing
 x - 2 potions of lignification
 D - 2 potions of ambrosia
 H - 3 potions of might
 K - a potion of agility
Comestibles
 f - 36 rations


   Skills:
 + Level 11.2 Fighting
 - Level 16.0 Axes
 - Level 12.0 Armour
 - Level 3.0 Dodging
 + Level 14.3 Shields
 - Level 10.0 Invocations


You had 13 spell levels left.
You didn't know any spells.
Your spell library contained the following spells:

 Spells                   Type           Power        Failure   Level  Hunger
 Animate Skeleton         Necr           N/A          96%         1    ##.....
 Apportation              Tloc           #.....       96%         1    ##.....
 Beastly Appendage        Tmut           #.....       96%         1    ##.....
 Confusing Touch          Hex            #.....       96%         1    ##.....
 Freeze                   Ice            #...         96%         1    ##.....
 Magic Dart               Conj           #...         96%         1    ##.....
 Sting                    Conj/Pois      #...         96%         1    ##.....
 Summon Small Mammal      Summ           #...         96%         1    ##.....
 Blink                    Tloc           N/A          99%         2    ###....
 Call Imp                 Summ           #.......     99%         2    ###....
 Passwall                 Tmut/Erth      #.......     99%         2    ###....
 Poisonous Vapours        Pois/Air       #.....       99%         2    ###....
 Slow                     Hex            #.......     99%         2    ###....
 Sticks to Snakes         Tmut           #.......     99%         2    ###....
 Throw Frost              Conj/Ice       #.....       99%         2    ###....
 Conjure Flame            Conj/Fire      #.......     100%        3    ####...
 Mephitic Cloud           Conj/Pois/Air  #.......     100%        3    ####...
 Ozocubu's Armour         Chrm/Ice       #.......     100%        3    ####...
 Spider Form              Tmut/Pois      #.........   100%        3    ####...
 Cause Fear               Hex            #.........   100%        4    #####..
 Ice Form                 Ice/Tmut       #.......     100%        4    #####..
 Olgreb's Toxic Radiance  Pois           #.......     100%        4    #####..
 Summon Ice Beast         Ice/Summ       #.......     100%        4    #####..
 Throw Icicle             Conj/Ice       #.......     100%        4    #####..
 Blade Hands              Tmut           #.........   100%        5    ######.
 Silence                  Hex/Air        #.........   100%        5    ######.
 Venom Bolt               Conj/Pois      #.........   100%        5    ######.
 Yara's Violent Unravell  Hex/Tmut       #.........   100%        5    ######.
 Deflect Missiles         Chrm/Air       #.........   100%        6    #######
 Invisibility             Hex            #.......     100%        6    #######
 Dragon Form              Tmut           #.........   100%        7    #######
 Discord                  Hex            #.........   100%        8    #######


Dungeon Overview and Level Annotations

Branches:
Dungeon (10/15)            Temple (1/1) D:4            Lair (6/6) D:10
  Swamp (0/4) Lair:4       Spider (0/4) Lair:2        Slime (0/5) Lair:6
    Orc: D:9-12

Altars:
Ashenzari
Cheibriados
Dithmenos
Elyvilon
Fedhas
Gozag
Hepliaklqana
Kikubaaqudgha
Makhleb
Nemelex Xobeh
Okawaru
Qazlal
Ru
Sif Muna
Trog
Uskayaw
Vehumet
Wu Jian
Xom
Yredelemnul
Zin
The Shining One
Jiyva

Portals:
Trove: D:10 (give +7 demon trident)


Message History

The orb of electricity engulfs the drowned soul!
The drowned soul is severely damaged.
The orb of electricity engulfs the drowned soul!
The drowned soul is almost destroyed.
You hear a loud, deep croak!
You block the drowned soul's attack.
The harpy claws you but does no damage. x2
Unknown command.
Okay, then.
You feel much better. The harpy claws you but does no damage.
You block the harpy's attack. You block the drowned soul's attack. x2
The merfolk avatar chants a haunting song.
You are mesmerised by the merfolk avatar!
The harpy claws you but does no damage. x2; The drowned soul touches you.
* * * LOW HITPOINT WARNING * * *
The drowned soul drowns you!
* * * LOW HITPOINT WARNING * * *
The drowned soul touches you. The drowned soul drowns you!
* * * LOW HITPOINT WARNING * * *
The drowned soul touches you. The drowned soul drowns you!
You die...

..........#≈P.≈≈#.............###
...≈..P≈≈.≈.≈.≈.≈..≈..≈.≈P....#,*
≈.#≈≈##≈≈##≈≈##≈≈#.≈≈##≈≈##....*,
.##≈≈##≈≈#.≈≈##≈≈.#≈≈.#≈≈##≈P.##*
†P≈≈≈≈≈≈≈≈≈≈≈≈≈≈≈≈≈≈≈≈≈≈≈≈≈...###
≈≈≈≈≈≈≈≈≈≈≈≈≈≈#≈≈†≈≈≈≈≈P≈≈P≈≈..##
..#≈#########...########≈#.≈..#..
≈##≈.≈≈≈#8≈≈≈≈≈≈H≈8#.≈≈#≈##≈.....
≈≈≈≈≈≈≈≈#≈≈≈≈≈≈#@≈≈#≈≈≈≈≈≈≈....#.
.≈≈≈≈≈≈≈#≈≈≈≈#≈≈≈≈≈#≈≈≈.≈P≈≈.....
...≈≈≈≈≈#≈≈≈≈≈P≈≈≈≈#≈S≈.≈#.≈.....
≈#.≈.≈*≈.≈≈≈($)W≈≈≈≈≈≈≈.≈..≈.....
≈≈≈≈≈≈*≈.≈≈≈!Wm)≈≈≈≈≈.≈≈≈≈≈≈.....
≈≈≈≈≈≈≈#.≈≈≈)≈≈$≈≈≈≈≈8≈≈≈≈≈≈##...
..#≈.≈≈≈.≈#≈$:=[≈≈≈≈P≈≈#≈#...##..
.##P≈≈≈≈*≈≈≈≈≈≈≈≈≈≈#≈≈≈.≈##.###<.
.≈≈P≈≈≈≈*≈≈≈≈≈≈≈≈≈≈#≈≈P#≈≈≈......


You could see a merfolk avatar, a harpy and 2 drowned souls.

Vanquished Creatures
  Rupert (Lair:4)
  Snorg (Lair:4)
  The ghost of TrebMcFLY the Destroyer, a journeyman DECj of Sif Muna (Lair:3)
  Erolcha (D:9)
  7 hydras
  4 two-headed ogres
  Urug (Lair:1)
  Nergalle (Lair:2)
  A sea snake (Lair:5)
  2 harpies (Lair:5)
  An ugly thing (D:10)
  A manticore (Lair:6)
  Joseph (D:8)
  3 elephants (Lair:2)
  7 black mambas
  Maurice (D:8)
  A molten gargoyle (Lair:2)
  7 spiny frogs
  5 rime drakes
  10 komodo dragons
  A troll (D:10)
  Grinder (D:6)
  A hornet (Lair:5)
  A wind drake (Lair:6)
  2 jumping spiders (Lair:2)
  4 polar bears
  Prince Ribbit (D:5)
  5 blink frogs (Lair:1)
  12 dream sheep (Lair:5)
  5 hippogriffs
  19 yaks
  A spriggan (D:8)
  5 redbacks (Lair:2)
  2 hungry ghosts (D:10)
  Eustachio (D:4)
  A basilisk (D:10)
  Edmund (D:4)
  19 water moccasins
  7 porcupines
  Duvessa (D:6)
  4 sky beasts
  2 ice beasts
  2 black bears
  2 orc warriors (D:10)
  2 phantoms
  3 wolves
  An ogre (D:4)
  13 crocodiles
  4 centaurs
  Blork the orc (D:5)
  20 bullfrogs
  A wyvern zombie (D:7)
  Dowan (D:6)
  5 scorpions
  5 killer bees (D:9)
  A howler monkey (D:6)
  4 crimson imps
  2 lava snakes (Lair:2)
  2 centaur skeletons
  3 jellies
  11 orc priests
  3 hounds
  Crazy Yiuf (D:6)
  Ijyb (D:4)
  3 bullfrog skeletons
  A gnoll shaman (D:9)
  Terence (D:2)
  2 iguanas
  Natasha (thrice) (D:3)
  7 orc wizards
  11 hell rats
  6 worker ants
  A hound zombie (D:3)
  3 worker ant zombies
  Robin (D:3)
  5 gnolls (D:9)
  2 howler monkey skeletons
  11 adders
  30 river rats
  A shadow imp (D:5)
  An ooze (D:7)
  3 worms
  2 dart slugs (D:2)
  2 leopard geckos
  48 orcs
  5 giant cockroaches
  9 goblins
  6 hobgoblins
  15 jackals
  11 quokkas
  5 bats
  8 frilled lizards
  A jackal skeleton (D:4)
  10 kobolds
  A leopard gecko skeleton (D:4)
  A quokka skeleton (D:6)
  24 rats
  A fire vortex (Lair:2)
  7 fungi
  4 plants
493 creatures vanquished.

Vanquished Creatures (others)
  2 bushes (D:10)
  A fire vortex (Lair:2)
  8 fungi
  15 plants
26 creatures vanquished.

Grand Total: 519 creatures vanquished

Notes
Turn   | Place    | Note
-------+----------+-------------------------------------------
     0 | D:1      | sankara the Hill Orc Fighter began the quest for the Orb.
     0 | D:1      | Reached XP level 1. HP: 19/19 MP: 1/1
   148 | D:1      | Reached skill level 3 in Axes
   182 | D:1      | Reached XP level 2. HP: 19/26 MP: 2/2
   423 | D:1      | Reached skill level 4 in Axes
   546 | D:1      | Reached XP level 3. HP: 31/31 MP: 3/3
  1391 | D:2      | Reached XP level 4. HP: 39/39 MP: 4/4
  1626 | D:2      | Reached skill level 5 in Axes
  1976 | D:2      | Noticed Terence
  1986 | D:2      | Killed Terence
  1986 | D:2      | Reached XP level 5. HP: 41/45 MP: 5/5
  2162 | D:3      | Noticed Robin
  2173 | D:3      | Killed Robin
  2398 | D:3      | Noticed Natasha
  2414 | D:3      | Killed Natasha
  2414 | D:3      | Reached skill level 6 in Axes
  2798 | D:3      | Noticed Natasha
  2806 | D:3      | Killed Natasha
  2806 | D:3      | Reached XP level 6. HP: 45/51 MP: 6/6
  2987 | D:3      | Noticed Natasha
  2995 | D:3      | Killed Natasha
  2995 | D:3      | Reached skill level 7 in Axes
  2995 | D:3      | Reached skill level 5 in Shields
  3550 | D:4      | Found a staircase to the Ecumenical Temple.
  3581 | Temple   | Entered the Ecumenical Temple
  3669 | Temple   | Became a worshipper of Makhleb the Destroyer
  3772 | D:4      | Reached skill level 8 in Axes
  3772 | D:4      | Reached XP level 7. HP: 50/57 MP: 7/7
  4375 | D:4      | Noticed Eustachio
  4380 | D:4      | Killed Eustachio
  4380 | D:4      | Reached skill level 9 in Axes
  4832 | D:4      | Reached XP level 8. HP: 65/66 MP: 8/8
  4837 | D:4      | Noticed Ijyb
  4849 | D:4      | Killed Ijyb
  5075 | D:4      | Reached skill level 10 in Axes
  5348 | D:4      | Found a shimmering altar of Xom.
  5353 | D:4      | Reached * piety under Makhleb
  5445 | D:5      | Entered Level 5 of the Dungeon
  5554 | D:5      | Reached skill level 5 in Fighting
  5866 | D:5      | Noticed Blork the orc
  5866 | D:5      | Noticed Edmund
  5886 | D:5      | Noticed Prince Ribbit
  5932 | D:4      | Killed Edmund
  5942 | D:5      | Killed Blork the orc
  6134 | D:5      | Reached skill level 11 in Axes
  6542 | D:5      | Found a bloodstained altar of Trog.
  6725 | D:5      | Killed Prince Ribbit
  6725 | D:5      | Reached XP level 9. HP: 28/75 MP: 9/9
  7225 | D:6      | Noticed Grinder
  7251 | D:5      | Reached skill level 12 in Axes
  7523 | D:6      | Noticed Duvessa
  7525 | D:6      | Noticed Dowan
  7528 | D:6      | Killed Grinder
  7533 | D:6      | Killed Duvessa
  7537 | D:6      | Killed Dowan
  7555 | D:6      | Reached ** piety under Makhleb
  7713 | D:6      | Found a runed translucent door.
  7714 | D:6      | Noticed Crazy Yiuf
  7910 | D:6      | Killed Crazy Yiuf
  8624 | D:8      | Noticed Maurice
  8627 | D:8      | Noticed Joseph
  8632 | D:8      | Killed Maurice
  8632 | D:8      | Reached skill level 13 in Axes
  8632 | D:8      | Reached XP level 10. HP: 79/86 MP: 10/10
  8638 | D:8      | Killed Joseph
  8853 | D:8      | Reached skill level 5 in Armour
  9769 | D:9      | Noticed a two-headed ogre
  9966 | D:9      | Killed a two-headed ogre
  9966 | D:9      | Reached *** piety under Makhleb
  9968 | D:9      | Reached skill level 14 in Axes
 10549 | D:9      | Noticed Erolcha
 10577 | D:9      | Cast into level 1 of the Abyss (Erolcha)
 10753 | D:9      | Escaped the Abyss
 10767 | D:9      | Killed Erolcha
 11137 | D:10     | Entered Level 10 of the Dungeon
 11232 | D:10     | Reached XP level 11. HP: 95/95 MP: 11/11
 11469 | D:10     | Found a staircase to the Lair.
 11492 | D:10     | Noticed a brown ugly thing
 11510 | D:10     | Killed a brown ugly thing
 11510 | D:10     | Reached **** piety under Makhleb
 11510 | D:10     | Reached skill level 15 in Axes
 11594 | D:10     | Reached skill level 1 in Invocations
 11598 | D:10     | Noticed a two-headed ogre
 11614 | D:10     | Killed a two-headed ogre
 11614 | D:10     | Reached skill level 10 in Shields
 11690 | D:10     | Noticed a two-headed ogre
 11701 | D:10     | Killed a two-headed ogre
 11932 | D:10     | Noticed a two-headed ogre
 11940 | D:10     | Killed a two-headed ogre
 12278 | D:10     | Found a portal to a secret trove of treasure.
 12314 | Lair:1   | Entered Level 1 of the Lair of Beasts
 12338 | Lair:1   | Reached skill level 1 in Dodging
 12376 | Lair:1   | Noticed a seven-headed hydra
 12426 | D:10     | Reached skill level 10 in Fighting
 12615 | D:10     | HP: 6/148 [seven-headed hydra (6)]
 12617 | D:10     | Killed a seven-headed hydra
 12617 | D:10     | Reached XP level 12. HP: 28/106 MP: 1/15
 12930 | Lair:1   | Reached skill level 16 in Axes
 12940 | Lair:1   | Noticed a four-headed hydra
 12965 | D:10     | Killed a four-headed hydra
 13127 | Lair:1   | Reached skill level 5 in Invocations
 13617 | Lair:1   | Got a spiked ring mail
 13628 | Lair:1   | Identified the cursed +0 ring mail of Experimentation
                  | {Stlth+} (You found it on level 1 of the Lair of Beasts)
 13686 | Lair:1   | Noticed Urug
 13720 | Lair:1   | Killed Urug
 14538 | Lair:2   | Noticed Nergalle
 14564 | Lair:2   | Killed Nergalle
 14699 | Lair:2   | Reached ***** piety under Makhleb
 14705 | Lair:2   | Found a hole to the Spider Nest.
 15359 | Lair:3   | Found a runed translucent door.
 15360 | Lair:3   | Noticed TrebMcFLY's ghost (journeyman DECj)
 15391 | Lair:3   | Noticed a four-headed hydra
 15418 | Lair:3   | Killed a four-headed hydra
 15418 | Lair:3   | Reached XP level 13. HP: 92/113 MP: 19/19
 15865 | Lair:3   | Reached skill level 10 in Armour
 16473 | Lair:3   | Killed TrebMcFLY's ghost
 16475 | Lair:3   | Identified Sif Muna's Catalogue of Entrancing
                  | Transformation
 17116 | Lair:4   | Noticed Rupert
 17122 | Lair:4   | Noticed Snorg
 17162 | Lair:4   | Killed Snorg
 17163 | Lair:4   | Paralysed by Rupert for 4 turns
 17171 | Lair:4   | Killed Rupert
 17171 | Lair:4   | Reached skill level 10 in Invocations
 17659 | Lair:4   | Found a staircase to the Swamp.
 19104 | Lair:6   | Entered Level 6 of the Lair of Beasts
 19513 | Lair:6   | Reached XP level 14. HP: 121/121 MP: 21/21
 19545 | Lair:6   | Found a staircase to the Slime Pits.
 19547 | Lair:6   | Found a viscous altar of Jiyva.
 20151 | Lair:6   | HP: 6/124 [drowned by a drowned soul[a merfolk avatar]
                  | (11)]
 20151 | Lair:6   | Drowned by a drowned soul

Levels and vault maps discovered:
D:1:      lightli_arrival_maybe_door_vault, layout_basic, chequers_big_river
D:2:      layout_loops_cross, serial_bayou, serial_bayou_pond_c,
          serial_bayou_pond_d, serial_bayou_pond_a, serial_bayou_lagoon_b,
          minmay_misc_feat_nine_boxes, uniq_terence
D:3:      layout_basic, minmay_misc_feat_diagonals, uniq_robin, uniq_natasha
D:4:      black_bear_nest_2, layout_basic, temple_fountains, first_ration,
          tgw_xom, uniq_eustachio, uniq_ijyb
D:5:      layout_rooms, bloody_trog, kennysheep_generic_room_12, uniq_edmund,
          uniq_prince_ribbit1, uniq_blork_the_orc
D:6:      layout_rooms, uniq_grinder, uniq_duvessa, uniq_crazy_yiuf_cottage
D:7:      layout_basic
D:8:      layout_loops_corners, grunt_pizzeria, uniq_joseph, uniq_maurice
D:9:      layout_basic, uniq_erolcha
D:10:     layout_long_grid, minmay_lair_entry_grove, nicolae_trove_entry_columns
Temple:   compressed_dpeg_circular_temple
Lair:1:   layout_long_grid, minivault_25, uniq_urug
Lair:2:   layout_gridlike, nicolae_spider_entry_tight_spaces,
          infiniplex_staircase_pool, uniq_nergalle
Lair:3:   lemuel_ratsnest, layout_misc_corridors, gammafunk_ghost_grave,
          kennysheep_rathole, lemuel_fruit_fields, lemuel_fruit_fields
Lair:4:   layout_cave_pods, swamp_mist, kennysheep_abandoned_house, uniq_snorg,
          uniq_rupert
Lair:5:   layout_regular_city, chequers_serial_rivers_large_b,
          nicolae_quartered_pool_super
Lair:6:   gammafunk_lair_ancient_temple, layout_loops_ring, slime_altar_1,
          lemuel_fruit_fields

Skill      XL: |  1  2  3  4  5  6  7  8  9 10 11 12 13 14 |
---------------+-------------------------------------------+-----
Axes           | 3 4 5 6 8 9 11 13 14 15 16 | 16.0
Shields        | 4 5 6 7 8 9 10 11 13 14 | 14.3
Fighting       | 4 6 7 8 10 11 | 11.2
Armour         | 4 6 7 9 12 | 12.0
Invocations    | 4 8 10 | 10.0
Dodging        | 1 3 |  3.0

Action                   |  1- 3 |  4- 6 |  7- 9 | 10-12 | 13-15 || total
-------------------------+-------+-------+-------+-------+-------++-------
Melee: War axe           |    98 |   215 |   344 |   847 |   628 ||  2132
       Flail             |       |       |       |    33 |    29 ||    62
Throw: Stone             |       |     2 |       |       |       ||     2
Invok: Major Destruction |       |       |       |       |     7 ||     7
       Lesser Servant of |       |       |       |       |     5 ||     5
       Minor Destruction |       |       |       |       |     2 ||     2
       Greater Servant o |       |       |       |       |     1 ||     1
 Abil: Evoke Berserk Rag |       |       |       |       |     1 ||     1
Evoke: Wand              |       |       |    11 |     6 |       ||    17
  Use: Potion            |       |     1 |     1 |     3 |     3 ||     8
       Scroll            |       |       |       |    22 |     2 ||    24
 Stab: Distracted        |       |       |       |       |     1 ||     1
  Eat: Chunk             |     2 |     8 |    12 |    21 |    18 ||    61
       Ration            |       |       |     1 |     1 |       ||     2
Armor: Scale mail        |    67 |    88 |     2 |       |       ||   157
       Chain mail        |       |       |   134 |   134 |       ||   268
       Plate armour      |       |       |       |   216 |   369 ||   585
       Skin              |       |       |       |    39 |       ||    39
Dodge: Dodged            |    48 |    62 |    65 |   164 |   168 ||   507
Block: Shield            |    75 |   102 |   152 |   462 |   427 ||  1218
